 Dungeon Crawl Stone Soup version 0.30.1-11-g7821555f0a (webtiles) character file.

Game seed: 2556887500897335942

358 Dordric the Unbeliever (level 6, -1/47 HPs)
             Began as a Demonspawn Monk on Oct 30, 2023.
             Killed by nerve-wracking pain
             ... invoked by an orc priest
              (13 damage)
             ... on level 4 of the Dungeon.
             The game lasted 00:02:59 (3400 turns).

Dordric the Unbeliever (Demonspawn Monk)            Turns: 3400, Time: 00:03:00

Health: -1/47      AC:  9    Str: 25    XL:     6   Next: 37%
Magic:  10/10      EV:  9    Int: 11    God:
Gold:   268        SH:  0    Dex: 16    Spells: 5/5 levels left

rFire   . . .        a - +0 mace (heavy)
rCold   . . .        d - orb {light}
rNeg    . . .        m - +0 chain mail
rPois   .            s - +0 helmet
rElec   .            (no cloak)
rCorr   .            (no gloves)
SInv    .            (no boots)
Will    .....        (no amulet) Stlth
                     n - +6 ring of strength
HPRegen 0.27/turn    i - +6 ring of strength
MPRegen 0.12/turn

%: no passive effects
@: glowing
A: demonic guardian 1, demonic touch 1
a: no special abilities


You were on level 4 of the Dungeon.
You visited 1 branch of the dungeon, and saw 4 of its levels.

You collected 268 gold pieces.

Inventory:

Hand Weapons
 a - a +0 heavy mace (weapon)
Armour
 b - a +0 robe
 d - an orb of light (worn)
 j - a +0 scale mail
 m - a +0 chain mail (worn)
 s - a +0 helmet (worn)
Jewellery
 i - a +6 ring of strength (right hand)
 n - a +6 ring of strength (left hand)
Scrolls
 f - 3 scrolls of teleportation
 g - 2 scrolls of noise
 l - a scroll of brand weapon
 o - a scroll of magic mapping {unknown}
 p - a scroll of enchant weapon {unknown}
 q - a scroll of identify
Potions
 c - a potion of ambrosia
 e - a potion of haste {unknown}
 h - 4 potions of curing
 k - a potion of cancellation {unknown}
 r - 2 potions of mutation {unknown}
 t - a potion of magic {unknown}


   Skills:
 - Level 3.0 Fighting
 + Level 5.0 Maces & Flails
 - Level 2.6 Dodging
 + Level 5.9 Invocations


You had 5 spell levels left.
You didn't know any spells.
Your spell library contained the following spells:

 Spells                   Type           Power      Damage    Failure   Level
 Ensorcelled Hibernation  Hex/Ice        0%         N/A       97%         2
 Passwall                 Tmut/Erth      0%         N/A       97%         2
 Sublimation of Blood     Necr           0%         N/A       97%         2
 Wereblood                Tmut           0%         N/A       97%         2
 Swiftness                Air            0%         N/A       100%        3
 Summon Hydra             Summ           0%         N/A       100%        7


Dungeon Overview and Level Annotations

Branches:
Dungeon (4/15)
 Temple: D:4-7

Altars:

Shops:
D:3 ?


Innate Abilities, Weirdness & Mutations

A weak demonic guardian rushes to your aid.
Your touch may inflict minor irresistible damage on your foes.


Message History

You feel sick. The kobold hits you but does no damage.
You hit the kobold but do no damage.
You feel very sick. The kobold barely misses you.
You sock the kobold!
You kill the kobold!
You feel sick.
An orc priest comes into view. It is wielding a +0 whip.
You feel sick.
The orc priest shouts!
The orc priest calls down the wrath of Beogh upon you.
Beogh smites you!
Things that are here:
a +2 vampiric short sword; 2 poisoned darts You feel sick.
You feel sick.
The orc priest mumbles some strange prayers to Beogh against you.
Beogh smites you!
* * * LOW HITPOINT WARNING * * *
You are too injured to fight recklessly!
You are too injured to fight recklessly!
You are too injured to fight recklessly!
You are too injured to fight recklessly!
You are too injured to fight recklessly!
You are too injured to fight recklessly!
You are too injured to fight recklessly!
You are too injured to fight recklessly!
You are too injured to fight recklessly!
You are too injured to fight recklessly!
You are too injured to fight recklessly!
You are too injured to fight recklessly!
An orc priest is nearby!
You feel sick.
You are no longer poisoned.
You sock the orc priest!
The orc priest is almost dead.
The orc priest hits you but does no damage.
The orc priest calls down the wrath of Beogh upon you.
Pain shoots through your body!
You die...

#...#....##
#..#....#.#
#.#....#..#
##....#...#
#.....#####
##...)#...#
#.#....#..#
#..#....#.#
#...#@...#
#####o....#
#.##### ..#
..# ...#
...# #.#..


You could see an orc priest.

Vanquished Creatures
  A black bear (D:4)
  A phantom (D:4)
  A scorpion (D:4)
  An orc wizard (D:4)
  4 adders
  2 worms (D:2)
  2 dart slugs
  6 orcs (D:4)
  2 bats
  7 endoplasms
  2 giant cockroaches (D:1)
  2 goblins
  4 hobgoblins
  4 quokkas
  6 ball pythons
  6 frilled lizards
  4 kobolds
  6 rats
61 creatures vanquished.

Vanquished Creatures (collateral kills)
  A dart slug (D:3)
  2 orcs (D:4)
3 creatures vanquished.

Grand Total: 64 creatures vanquished

Notes
Turn   | Place    | Note
-------+----------+-------------------------------------------
     0 | D:1      | Dordric the Demonspawn Monk began the quest for the Orb.
     0 | D:1      | Reached XP level 1. HP: 18/18 MP: 1/1
   134 | D:1      | Reached skill level 1 in Invocations
   285 | D:1      | Gained mutation: A weak demonic guardian rushes to your
                  | aid. [demonic ancestry]
   285 | D:1      | Reached XP level 2. HP: 14/24 MP: 3/3
   813 | D:2      | Reached XP level 3. HP: 28/29 MP: 4/4
  2175 | D:3      | Found Zaxkogeg's Magic Scroll Emporium.
  2295 | D:3      | Gained mutation: Your touch may inflict minor irresistible
                  | damage on your foes. [demonic ancestry]
  2295 | D:3      | Reached XP level 4. HP: 34/35 MP: 6/6
  2775 | D:4      | Noticed a scorpion
  2784 | D:4      | Killed a scorpion
  2785 | D:4      | Reached XP level 5. HP: 41/41 MP: 6/8
  2845 | D:4      | Noticed a black bear
  2856 | D:4      | Killed a black bear
  2857 | D:4      | Reached skill level 5 in Invocations
  3256 | D:4      | Reached XP level 6. HP: 41/47 MP: 8/10
  3372 | D:4      | Reached skill level 5 in Maces & Flails
  3400 | D:4      | Killed from afar by an orc priest

Illustrated notes

Levels and vault maps discovered:
D:1:      minmay_arrival_stone_box, layout_basic, minmay_tree_intersection,
          amcnicky_mini_pool_small
D:2:      layout_loops_ring, serial_co_window_serial, co_window_cross_1,
          co_window_paths_a, co_window_corner_a, co_window_paths_b,
          co_window_corner_a, co_window_cross_2, co_window_broadway_a,
          co_window_broadway_b, co_window_sun, glass_columns_b, glass_columns_c,
          glass_columns_a, glass_columns_a, glass_columns_a
D:3:      layout_loops_ring, serial_shops, shop,
          wander_ebering_terrifying_dragon_lair
D:4:      minmay_chambers_of_fours, layout_basic, hangedman_decor_diamond_cutter

Skill      XL: |  1  2  3  4  5  6 |
---------------+-------------------+-----
Invocations    | 1 2 3 4 5 |  5.9
Maces & Flails | 3 4 5 |  5.0
Fighting       | |  3.0
Dodging        | |  2.6

Action                     |  1- 3 |  4- 6 || total
---------------------------+-------+-------++-------
  Melee: Mace              |   107 |    52 ||   159
    Use: Scroll            |     6 |       ||     6
         Potion            |       |     1 ||     1
 Armour: Robe              |     6 |       ||     6
         Chain mail        |    18 |    43 ||    61
         Scale mail        |     3 |       ||     3
  Dodge: Dodged            |    58 |    30 ||    88
